 Dungeon Crawl Stone Soup version 0.29.1-14-g9c671dbff4 (webtiles) character file.

Game seed: 7216402713415118917

13004 javelincjr the Thaumaturge (level 12, -2/71 HPs)
             Began as a Djinni Conjurer on Feb 14, 2023.
             Was a Believer of Hepliaklqana.
             Slain by a shadow (7 damage)
             ... on level 10 of the Dungeon on Feb 15, 2023.
             The game lasted 01:03:31 (15906 turns).

javelincjr the Thaumaturge (Djinni Conjurer)       Turns: 15906, Time: 01:03:32

Health: -2/71      AC:  9    Str: 16    XL:     12   Next: 27%
Gold:   1209       EV: 17    Int: 21    God:    Hepliaklqana [**....] SH:  0 Dex: 24

rFire   + + +      SeeInvis .   L - +10 rapier of Laohaig {vorpal, rCorr Dex+7}
rCold   x x .      Faith    .   (no shield)
rNeg    . . .      Spirit   .   k - +1 leather armour "Wiguzy" {Str+8}
rPois   ∞          Reflect  .   J - +0 helmet
rElec   .          Harm     .   (no cloak)
rCorr   +          Rampage  .   s - +2 pair of gloves
Will    ++...                   (boots unavailable)
Stlth   +++.......              (no amulet)
HPRegen 0.21/turn               f - ring "Lycufiah" {Fire Will+ Dex+3}
MPRegen 0.00/turn               (no ring)

@: flying, studying Stealth
A: reduced essence, sickness immunity, fire resistance 2, cold vulnerability 1,
float, innate caster, HP casting, extra vitality 1
a: Renounce Religion, Ancestor Life: Knight, Ancestor Life: Battlemage, Ancestor
Life: Hexer, Recall Ancestor, Ancestor Identity


You were on level 10 of the Dungeon.
You worshipped Hepliaklqana.
Hepliaklqana was pleased with you.
You visited 2 branches of the dungeon, and saw 11 of its levels.

You collected 1209 gold pieces.

Inventory:

Hand Weapons
 y - a +3 vampiric dagger
 B - a +0 spear of flaming
 G - a +2 dagger of venom
 I - a +4 dagger of distortion
 L - the +10 rapier of Laohaig (weapon) {vorpal, rCorr Dex+7}
   (You found it on level 9 of the Dungeon)

   It inflicts extra damage upon your enemies.
   Dex:       It affects your dexterity (+7).
   rCorr:     It protects you from acid and corrosion.
Missiles
 h - 37 poisoned darts
 j - 4 silver boomerangs
 F - 5 boomerangs
Armour
 c - +0 acid dragon scales
 k - the +1 leather armour "Wiguzy" (worn) {Str+8}
   (You found it on level 2 of the Dungeon)

   Str:       It affects your strength (+8).
 s - a +2 pair of gloves (worn)
 J - a +0 helmet (worn)
Magical Staves
 A - a staff of poison
 D - a staff of poison
Jewellery
 f - the ring "Lycufiah" (left hand) {Fire Will+ Dex+3}
   (You acquired it in the Ecumenical Temple)

   [ring of fire]

   It enhances your fire magic.
   Dex:       It affects your dexterity (+3).
   rF:        It protects you from fire.
   rC:        It makes you vulnerable to cold.
   Will:      It increases your willpower.
Wands
 a - a wand of flame (21)
 b - a wand of paralysis (6)
 r - a wand of polymorph (11)
 K - a wand of roots (8)
Scrolls
 e - a scroll of brand weapon
 g - a scroll of summoning
 i - 3 scrolls of poison
 n - a scroll of identify
 p - 3 scrolls of blinking
 u - a scroll of noise {unknown}
 v - 2 scrolls of vulnerability
 x - a scroll of magic mapping {unknown}
 z - a scroll of torment {unknown}
 C - a scroll of amnesia
Potions
 d - a potion of lignification {unknown}
 l - 2 potions of cancellation
 o - 3 potions of haste {unknown}
 q - a potion of invisibility {unknown}
 t - 3 potions of attraction {unknown}
 w - 2 potions of brilliance {unknown}
 E - 5 potions of curing {unknown}
 H - 2 potions of heal wounds
Miscellaneous
 m - a box of beasts


   Skills:
 + Level 4.4 Fighting
 + Level 3.1 Short Blades
 + Level 6.1 Armour
 + Level 6.5 Dodging
 + Level 5.5 Stealth
 + Level 12.2 Spellcasting


You had 8 spell levels left.
You knew the following spells:

 Your Spells              Type           Power      Damage    Failure   Level
a - Magic Dart            Conj           100%       1d8       1%          1
b - Searing Ray           Conj           100%       2d8       1%          2
c - Dazzling Flash        Conj/Hex       100%       N/A       1%          3
d - Fulminant Prism       Conj/Hex       29%        3d14      1%          4
e - Iskenderun's Mystic   Conj/Tloc      59%        2d12      1%          4
f - Necrotise             Necr           100%       1d9       1%          1
g - Wereblood             Tmut           59%        N/A       1%          2
h - Poisonous Vapours     Pois/Air       100%       N/A       1%          2
i - Gell's Gravitas       Tloc           59%        N/A       1%          3
j - Borgnjor's Vile Clut  Necr/Erth      29%        N/A       1%          5
Your spell library was empty.

Dungeon Overview and Level Annotations

Branches:
Dungeon (10/15)            Temple (1/1) D:6
   Lair: D:8-11         Orc: D:9-12

Altars:
Ashenzari
Cheibriados
Dithmenos
Elyvilon
Fedhas
Gozag
Hepliaklqana
Makhleb
Nemelex Xobeh
Okawaru
Qazlal
Ru
Trog
Uskayaw
Wu Jian
Xom
Yredelemnul
Zin
The Shining One

Annotations:
D:3 2 transporters, fitz's ghost, amateur HOFi
D:7 exclusion: upstairs


Innate Abilities, Weirdness & Mutations

Your life essence is reduced to manifest your ancestor. (-10% HP)
You are immune to sickness and miasma.
You are immune to poison.
Your flesh is very heat resistant. (rF++)
You are vulnerable to cold. (rC-)
You float through the air rather than walking.
You learn spells naturally, not from books.
Your magical power is your life essence.
You have superior vitality. (+4 MHP)


Message History

The yak is moderately wounded.
The yak is knocked back by the mystic blast.
* * * LOW HITPOINT WARNING * * *
You hear a bellow!
You hear a shout!
You see here a scroll of identify.
n - a scroll of identify A shadow comes into view.
You hit the yak.
The yak is heavily wounded.
Enheduana barely misses the yak.
The yak gores you but does no damage.
You hit the yak.
The yak is severely wounded.
The yak misses you.
Enheduana completely misses the yak.
You hit the yak.
The yak is almost dead.
The yak misses you.
Enheduana hits the yak but does no damage.
The orc wizard closely misses you.
Casting: Iskenderun's Mystic Blast (safe; 1% risk of failure)
Confirm with . or Enter, or press ? or * to list all spells.
You erupt in a blast of force!
The mystic blast hits the yak.
The yak is lightly wounded.
The yak is knocked back by the mystic blast.
The yak slams into the crystal wall!
The yak is moderately wounded.
Enheduana avoids your attack.
The mystic blast hits the orc wizard!
You kill the orc wizard!
The mystic blast hits the yak!
You kill the yak!
* * * LOW HITPOINT WARNING * * *
Unknown command.
The yak gores Enheduana but does no damage.
Enheduana hits the yak.
The shadow hits you!
* * * LOW HITPOINT WARNING * * *
A gargoyle comes into view. It is wielding a +0 dire flail.
You see here a yak corpse.
You puncture the shadow!
The shadow is heavily damaged.
The yak barely misses Enheduana.
Enheduana hits the yak.
The shadow hits you!
You die...

# #. ..... # .#.#.#
#. .9.. .
#.#####'##### '
#...Y.......#####.##
#.RW......##..#...
#.@.....#.##... #.
#.......#.##.## #.#
#.......#.'...# #..
#.....)...###.####.
#.........##..#....
#.........##....#..
#.........#####.###
########..# #+# #...


You could see the friendly Enheduana the ancestor, a yak (distracted, ally
target), a gargoyle and a shadow.

Vanquished Creatures
  Lodul (D:10)
  Pikel (D:9)
  A wolf spider zombie (D:7)
  A deep elf pyromancer (D:10)
  A cyclops (D:10)
  3 centaur zombies (D:7)
  2 centaur skeletons (D:7)
  Psyche (D:9)
  A kobold demonologist (D:10)
  2 hellwings
  A troll (D:9)
  A shadow (D:9)
  12 yaks
  2 basilisks
  A steam dragon (D:8)
  2 water moccasins
  An acid dragon (D:10)
  An orc warrior (D:8)
  2 black bears
  An ice beast (D:5)
  2 sky beasts
  2 centaurs
  6 ogres (D:10)
  3 lemures (D:9)
  A phantom (D:4)
  4 bullfrogs
  5 kobold brigands
  2 gnoll sergeants (D:9)
  2 scorpions (D:4)
  5 wights (D:9)
  2 killer bees (D:9)
  2 howler monkeys
  4 electric eels (D:9)
  A hound (D:4)
  3 jellies
  9 orc priests
  3 iron imps (D:3)
  A gnoll bouda (D:8)
  2 iguanas
  9 orc wizards
  A boggart skeleton (D:7)
  23 gnolls
  11 adders
  5 shadow imps (D:7)
  3 white imps
  4 ufetubi
  4 worms
  12 dart slugs
  27 orcs
  7 endoplasms
  4 giant cockroaches
  11 goblins
  7 hobgoblins
  6 jackals
  30 kobolds
  5 quokkas
  4 ball pythons
  5 bats
  A frilled lizard (D:1)
  6 rats
282 creatures vanquished.

Vanquished Creatures (collateral kills)
  A hydra (D:10)
  An unseen horror (D:10)
  An orc warrior (D:10)
  A centaur (D:10)
  2 ogres (D:10)
  A bullfrog (D:8)
  A wight (D:10)
  A killer bee (D:9)
  A gnoll bouda (D:9)
  An orc wizard (D:10)
  2 gnolls
13 creatures vanquished.

Vanquished Creatures (others)
  5 ancestors
  66 fulminant prisms
  4 toadstools (D:1)
  4 withered plants (D:7)
79 creatures vanquished.

Grand Total: 374 creatures vanquished

Notes
Turn   | Place    | Note
-------+----------+-------------------------------------------
     0 | D:1      | javelincjr the Djinni Conjurer began the quest for the Orb.
     0 | D:1      | javelincjr set off with the following spells memorised:
                  | Magic Dart, Searing Ray, Dazzling Flash, Fulminant Prism,
                  | Iskenderun's Mystic Blast.
     0 | D:1      | Reached XP level 1. HP: 15/15 MP: 0/0
   275 | D:1      | Reached XP level 2. HP: 19/21 MP: 0/0
   932 | D:1      | Found a faded altar of an unknown god.
  1294 | D:1      | Reached XP level 3. HP: 23/25 MP: 0/0
  1294 | D:1      | Learned a level 1 spell: Necrotise
  1658 | D:2      | Reached skill level 4 in Spellcasting
  1873 | D:2      | Reached XP level 4. HP: 26/31 MP: 0/0
  1884 | D:2      | Identified the +1 leather armour "Wiguzy" {Str+8}
  2755 | D:3      | Reached XP level 5. HP: 27/35 MP: 0/0
  2755 | D:3      | Learned a level 2 spell: Wereblood
  3066 | D:3      | Found a snail-covered altar of Cheibriados.
  3181 | D:3      | Identified the +8 giant club "Missusann" {holy, *Noise
                  | rPois Str+4 Dex+4}
  3181 | D:3      | Noticed an ogre
  3182 | D:3      | Noticed fitz's ghost (amateur HOFi)
  3184 | D:3      | Found a transporter.
  3184 | D:3      | Noticed an ogre
  3188 | D:3      | Found a transporter.
  3968 | D:3      | Found a burning altar of Makhleb.
  3977 | D:3      | Reached XP level 6. HP: 37/41 MP: 0/0
  3981 | D:3      | Reached skill level 1 in Armour
  3989 | D:3      | Reached skill level 5 in Spellcasting
  4153 | D:3      | Found a stormy altar of Qazlal.
  4742 | D:4      | Reached skill level 1 in Fighting
  4993 | D:4      | Reached XP level 7. HP: 36/47 MP: 0/0
  4993 | D:4      | Learned a level 2 spell: Poisonous Vapours
  5166 | D:4      | Identified the +4 plate armour "Lepp" {-Tele rF+ rN+ Str+4}
  5358 | D:4      | Found a shimmering altar of Xom.
  5527 | D:4      | Reached skill level 1 in Short Blades
  5920 | D:4      | Reached XP level 8. HP: 28/52 MP: 0/0
  6600 | D:5      | Entered Level 5 of the Dungeon
  6619 | D:5      | Found an opulent altar of Gozag.
  6806 | D:5      | Reached skill level 6 in Spellcasting
  7642 | D:6      | Found a staircase to the Ecumenical Temple.
  7650 | Temple   | Entered the Ecumenical Temple
  7655 | Temple   | Became a worshipper of Hepliaklqana the Forgotten
  7779 | Temple   | Identified 2 scrolls of acquirement
  7783 | Temple   | Acquired a manual of Stealth
  7785 | Temple   | Acquired the ring "Lycufiah" {Fire Will+ Dex+3}
  7813 | D:6      | Found an iron altar of Okawaru.
  7835 | D:6      | Found a blossoming altar of Fedhas.
  8007 | D:6      | Found a sacrificial altar of Ru.
  8859 | D:7      | Noticed a hellwing
  8861 | D:7      | Noticed a hellwing
  8863 | D:7      | Reached XP level 9. HP: 33/58 MP: 0/0
  8863 | D:7      | Learned a level 3 spell: Gell's Gravitas
  9531 | D:7      | Reached skill level 7 in Spellcasting
 10029 | D:7      | Reached skill level 5 in Armour
 10043 | D:7      | Reached skill level 8 in Spellcasting
 10631 | D:7      | Reached XP level 10. HP: 50/66 MP: 0/0
 10636 | D:7      | Reached skill level 9 in Spellcasting
 10641 | D:7      | Reached skill level 5 in Dodging
 11654 | D:7      | Reached * piety under Hepliaklqana
 12488 | D:8      | Found an ornate altar of the Wu Jian Council.
 12528 | D:8      | Found a basalt altar of Yredelemnul.
 12670 | D:8      | Found a sparkling altar of Nemelex Xobeh.
 12734 | D:8      | Found a shadowy altar of Dithmenos.
 13044 | D:8      | Found a glowing golden altar of the Shining One.
 13184 | D:9      | Noticed Pikel
 13588 | D:9      | Reached skill level 10 in Spellcasting
 13588 | D:9      | Reached XP level 11. HP: 47/64 MP: 0/0
 13588 | D:9      | Learned a level 5 spell: Borgnjor's Vile Clutch
 14118 | D:9      | Noticed Psyche
 14125 | D:9      | Killed Psyche
 14500 | D:9      | Reached ** piety under Hepliaklqana
 14501 | D:9      | Killed Pikel
 14696 | D:9      | Identified the +10 rapier of Laohaig {vorpal, rCorr Dex+7}
 15117 | D:9      | Reached skill level 11 in Spellcasting
 15234 | D:9      | Found a glowing silver altar of Zin.
 15234 | D:9      | Noticed an angel
 15356 | D:10     | Entered Level 10 of the Dungeon
 15361 | D:10     | Noticed Lodul
 15367 | D:10     | Killed Lodul
 15368 | D:10     | Reached skill level 5 in Stealth
 15773 | D:10     | Reached XP level 12. HP: 38/70 MP: 0/0
 15809 | D:10     | Reached skill level 12 in Spellcasting
 15813 | D:10     | Noticed a four-headed hydra
 15832 | D:10     | Killed a four-headed hydra
 15906 | D:10     | Slain by a shadow

Illustrated notes

Levels and vault maps discovered:
D:1:      ldierk_walled_garden_2, layout_basic,
          shapermc_ecumenical_altar_totnotflames, nrook_loot_triangle,
          st_stairs_13, dreamdust_mushroom_princess, minmay_misc_feat_doors,
          minivault_14
D:2:      layout_basic
D:3:      kennysheep_slugbush, layout_basic, nicolae_vehumet_radiance,
          mainiacjoe_overflow_boulevard, lemuel_round_altar, demons_altar,
          gammafunk_ghost_smash, chequers_decorated_corner,
          hangedman_glass_teeth, kennysheep_potato
D:4:      minmay_clustersquares, layout_basic, lemuel_tele_altar
D:5:      layout_basic, nicolae_gozag_cash_rules_everything_around_me
D:6:      layout_layer_cave, okawaru_ov_weapons_minmay,
          nicolae_ru_great_annihilating_truth, kennysheep_mini,
          minmay_temple_entry_glassed_door
D:7:      cheibrodos_grave_circle, layout_rooms, roderic_roman_lattice
D:8:      layout_basic, nicolae_dithmenos_shadow_blocks,
          nicolae_wu_jian_wuxing_cycle, tso_oasis_becter,
          mainiacjoe_overflow_catwalk, mainiacjoe_overflow_small_starburst
D:9:      layout_loops_ring, zin_angel, mainiacjoe_overflow_six_doors_small,
          disabler_island, uniq_pikel, uniq_psyche
D:10:     minmay_the_grid_net [minmay_the_grid_zigzag_pyramid,
          minmay_the_grid_embedded, minmay_the_grid_minigrid_small,
          minmay_the_grid_x, minmay_the_grid_holed_spiral,
          minmay_the_grid_prize_trominoes], layout_gridville, enter_bailey_2,
          uniq_lodul
Temple:   nicolae_temple_bog_church

Skill      XL: |  1  2  3  4  5  6  7  8  9 10 11 12 |
---------------+-------------------------------------+-----
Spellcasting   | 4 5 6 8 10 11 12 | 12.2
Stealth        | 2 3 4 5 |  5.5
Armour         | 1 3 4 5 6 |  6.1
Fighting       | 1 2 3 4 |  4.4
Short Blades   | 1 2 3 |  3.1
Dodging        | 3 4 5 6 |  6.5

Action                   |  1- 3 |  4- 6 |  7- 9 | 10-12 || total
-------------------------+-------+-------+-------+-------++-------
Melee: Short sword       |     2 |     9 |       |       ||    11
       Dagger            |       |       |     2 |    11 ||    13
       Punch             |       |       |       |     1 ||     1
       Rapier            |       |       |       |    18 ||    18
 Cast: Magic Dart        |    52 |   114 |   128 |    57 ||   351
       Searing Ray       |     4 |    12 |    20 |     7 ||    43
       Fulminant Prism   |       |     3 |    18 |    45 ||    66
       Iskenderun's Myst |       |       |    34 |    68 ||   102
       Poisonous Vapours |       |       |       |     6 ||     6
       Dazzling Flash    |       |       |       |     1 ||     1
       Wereblood         |       |       |       |     1 ||     1
       Borgnjor's Vile C |       |       |       |     1 ||     1
  Use: Potion            |       |       |     3 |       ||     3
       Scroll            |       |       |     7 |    12 ||    19
 Stab: Sleeping          |     1 |       |       |       ||     1
       Distracted        |       |       |       |     1 ||     1
Armor: Robe              |     5 |       |       |       ||     5
       Leather armour    |       |    12 |    22 |    22 ||    56
Dodge: Dodged            |     6 |    20 |    63 |    50 ||   139
